 Dungeon Crawl Stone Soup version 0.17-a0-877-ga10078a (webtiles) character file.

163571 inmateoo the Thaumaturge (level 17, -1/147 HPs)
             Began as a Demonspawn Ice Elementalist on Apr 30, 2015.
             Was the Champion of Ashenzari.
             Slain by a spriggan rider
             ... wielding a +0 spear
              (15 damage)
             ... on level 3 of the Swamp.
             The game lasted 01:40:53 (41550 turns).

inmateoo the Thaumaturge (DsIE)                    Turns: 41550, Time: 01:40:53

Health: -1/147     AC: 23    Str: 12 (14) XL:     17   Next: 24%
Magic:  24/34      EV: 20    Int: 21      God:    Ashenzari [******]
Gold:   1145       SH:  6    Dex: 17      Spells: 10 memorised, 11 levels left

rFire  + + +     SeeInvis +     v - +9 trident (pierce) (curse)
rCold  + . .     Clarity  +     X - +2 robe {MR+} (curse)
rNeg   + . .     SustAb   .     e - +0 buckler (curse)
rPois  +         Gourm    .     F - +2 hat (curse)
rElec  +         Spirit   .     J - +2 cloak {rPois} (curse)
rCorr  +         Warding  .     W - -3 pair of gloves "Polul" {rF+++ rN+ rCorr Int-2} (curse)
rMut   .         Stasis   .     P - +0 pair of boots (curse)
MR     ++...                    q - amulet of regeneration (curse)
Stlth  +++++.....               A - ring "Weato" {rElec rF+ Str+7 Dex+3} (curse)
                                R - ring of protection from cold (curse)

@: icy armour, regenerating, very resistant to hostile enchantments, quite
stealthy
A: horns 2, molten scales 2, deterioration 1, mutation resistance 1, robust 1,
spiny 3, weak 1, wild magic 1, rot immunity
a: Scrying, Transfer Knowledge, Renounce Religion


You were on level 3 of the Swamp.
You worshipped Ashenzari.
Ashenzari was exalted by your worship.
You were very hungry.

You visited 5 branches of the dungeon, and saw 33 of its levels.
You visited 1 bazaar.
You also visited: Labyrinth, Sewer, Ossuary and Ice Cave.

You collected 3455 gold pieces.
You spent 1987 gold pieces at shops.

Inventory:

Hand weapons
 v - a cursed +9 trident of piercing (weapon)
Missiles
 i - 7 throwing nets (quivered)
Armour
 a - a +0 cloak of cold resistance
 e - a cursed +0 buckler (worn)
 F - a cursed +2 hat (worn)
 J - a cursed +2 cloak of poison resistance (worn)
 P - a cursed +0 pair of boots (worn)
 W - the cursed -3 pair of gloves "Polul" (worn) {rF+++ rN+ rCorr Int-2}
   (You found it in a labyrinth)

   It affects your intelligence (-2).
   It renders you almost immune to fire.
   It protects you from negative energy.
   It protects you from acid and corrosion.
   It has a curse placed upon it.
 X - a cursed +2 robe of magic resistance (worn)
Magical staves
 Y - an uncursed staff of energy
Jewellery
 l - an uncursed ring of ice
 n - an uncursed ring of protection from magic
 q - a cursed amulet of regeneration (around neck)
 A - the cursed ring "Weato" (right hand) {rElec rF+ Str+7 Dex+3}
   (You bought it in a shop in a bazaar)

   [ring of protection from fire]

   It affects your strength (+7).
   It affects your dexterity (+3).
   It protects you from fire.
   It insulates you from electricity.
   It has a curse placed upon it.
 R - a cursed ring of protection from cold (left hand)
 T - an uncursed ring of sustain abilities
Magical devices
 s - a wand of fire (8)
 u - a wand of invisibility (4)
 E - a wand of disintegration (14)
 U - a wand of disintegration (19)
 Z - a wand of slowing (25)
Scrolls
 d - 8 scrolls of blinking
 f - 4 scrolls of enchant weapon
 h - 4 scrolls of remove curse
 j - 4 scrolls of curse armour
 k - 3 scrolls of teleportation
 r - 4 scrolls of magic mapping
 t - 3 scrolls of fog
 y - 3 scrolls of recharging
 K - a scroll of fear
 M - 2 scrolls of silence
 N - 12 scrolls of identify
 S - 2 scrolls of amnesia
Potions
 b - 3 potions of brilliance
 g - 9 potions of curing
 o - 2 potions of cancellation
 p - 4 potions of haste
 w - 9 potions of agility
 x - 5 potions of flight
 z - 3 potions of invisibility
 B - 3 potions of berserk rage
 D - 5 potions of heal wounds
 G - 2 potions of magic
 H - 6 potions of lignification
 O - 2 potions of might
 Q - a potion of resistance
Books
 I - the Compendium of Conjuration
   (You found it on level 1 of the Elven Halls)

   Spells                             Type                      Level
   a - Mephitic Cloud                 Conjuration/Poison/Air       3
   b - Iron Shot                      Conjuration/Earth            6
   c - Delayed Fireball               Conjuration/Fire             7
 L - a book of Power

   Spells                             Type                      Level
   a - Fulminant Prism                Conjuration/Hexes            4
   b - Iskenderun's Mystic Blast      Conjuration                  4
   c - Venom Bolt                     Conjuration/Poison           5
   d - Bolt of Magma                  Conjuration/Fire/Earth       5
   e - Iron Shot                      Conjuration/Earth            6
   f - Orb of Destruction             Conjuration                  7
   g - Spellforged Servitor           Conjuration/Summoning        7
 V - an Akashic Record {highlevel}

   Spells                             Type                      Level
   a - Dispersal                      Translocation                6
   b - Controlled Blink               Translocation                7
   c - Malign Gateway                 Summoning/Translocation      7
   d - Disjunction                    Translocation                8
   e - Singularity                    Translocation                9
Comestibles
 c - 20 bread rations
 m - 17 meat rations
 C - 6 royal jellies


   Skills:
 - Level 12.3 Fighting
 - Level 10.4(14.6) Polearms
 - Level 10.2 Armour
 - Level 7.2(11.7) Dodging
 - Level 6.7(11.2) Stealth
 - Level 4.7(7.6) Shields
 + Level 13.0 Spellcasting
 - Level 3.3(7.3) Conjurations
 - Level 4.0(8.2) Summonings
 - Level 5.0(9.4) Necromancy
 * Level 8.2(12.7) Translocations
 - Level 12.3(16.4) Ice Magic
 + Level 3.1(7.0) Evocations


You had 11 spell levels left.
You knew the following spells:

 Your Spells              Type           Power        Failure   Level  Hunger
a - Freeze                Ice            ####         1%          1    None
b - Throw Frost           Conj/Ice       ######       1%          2    None
c - Ozocubu's Armour      Chrm/Ice       ######..     2%          3    None
d - Throw Icicle          Conj/Ice       #######.     2%          4    None
e - Summon Ice Beast      Ice/Summ       #######.     2%          4    None
f - Blink                 Tloc           N/A          1%          2    None
g - Passage of Golubria   Tloc           N/A          2%          4    None
h - Shroud of Golubria    Chrm/Tloc      ######....   2%          2    None
i - Regeneration          Chrm/Necr      ######....   5%          3    None
j - Dispersal             Tloc           #######...   13%         6    #####..


Dungeon Overview and Level Annotations

Branches:
Dungeon (15/15)            Temple (0/1) D:6            Lair (8/8) D:10
  Swamp (3/4) Lair:3       Spider (0/4) Lair:6        Slime (0/6) Lair:8
    Orc (4/4) D:10            Elf (3/3) Orc:4        Vaults (0/5) D:13
 Depths (0/5) D:15

Altars:
Ashenzari
Cheibriados
Kikubaaqudgha
Makhleb
Okawaru
Sif Muna
Xom
Yredelemnul
Zin
The Shining One
Beogh

Shops:
D:13 %   Orc:4 *?}}   Elf:2 [   Elf:3 [

Annotations:
D:5 ImmaFairy's ghost, experienced FoFi
D:6 hornqvist's ghost, experienced FoFi
Elf:2 2 runed doors
Elf:3 1 exclusion


Innate Abilities, Weirdness & Mutations

You have a pair of horns on your head.
You are mostly covered in molten scales (AC +3, EV -1).
You are completely covered in sharp spines.
You are immune to rotting.
Your body sometimes deteriorates upon taking damage.
You are somewhat resistant to further mutation.
You are robust (+10% HP).
You are weak. (Str -2)
Your spells are a little harder to cast, but a little more powerful.


Message History

Unknown command.
You hit the spriggan.
The spriggan is heavily wounded.
The spriggan misses you.
The spriggan rider hits you from afar with a spear.
* * * LOW HITPOINT WARNING * * *
Unknown command.
Unknown command.
You impale the spriggan!!
You kill the spriggan!
Unknown command.
Unknown command.
The spriggan rider is struck by your spines.
The spriggan rider hits you with a spear!
* * * LOW HITPOINT WARNING * * *
Unknown command.
You hit the spriggan rider.
The spriggan rider is moderately wounded.
The spriggan rider hits you with a spear!
You die...

♣♣.###.###§#≈..♣♣ *,,**,,
♣♣.#.......§≈≈..♣♣ *,≈≈* , *
.≈.#.....≈..≈≈...#♣♣♣ , ,, ,*
≈≈≈#....≈.≈≈..≈.≈≈§≈♣♣♣ , ≈≈
≈,* §≈≈####.≈#♣≈.≈≈[..♣...♣♣
{≈ ,,*
.≈≈≈...≈≈≈≈≈.≈♣..#≈≈≈≈≈♣♣.,,,
≈ .≈.≈.>.§♣≈≈......#.≈≈...≈.
≈, ,
♣♣♣≈.≈.≈≈.≈.#....#.≈§..≈≈≈, ,
*♣>≈≈≈♣...#.).@#.≈≈..≈..≈ ≈
,≈ *...♣♣♣≈.#####i.≈≈.≈.≈.≈≈
, ≈, * .* ♣♣...≈≈≈♣).≈...≈.≈
, ≈≈ ≈,*
♣♣..♣≈≈≈♣....≈...≈≈≈, * ≈* ♣
♣≈.♣♣♣..≈≈.., ≈,**, ,≈≈*
♣.).. ♣.≈≈≈≈, ,,, , ,,**
♣♣≈≈.** ..♣≈≈ ≈ ≈ * ♣... *
..≈≈ , ,≈, * ,* ♣..≈
♣.≈≈≈≈§≈...


You could see a spriggan rider.

Vanquished Creatures
  Kirke (Swamp:1)
  Maud (Lair:4)
  3 deep elf sorcerers
  2 orc warlords
  A deep elf demonologist (Elf:2)
  A deep elf annihilator (Elf:1)
  Snorg (D:12)
  A minotaur (Lab)
  A rakshasa (D:14)
  Josephine (Orc:4)
  4 catoblepae
  2 centaur warriors
  8 hydras
  An alligator (Swamp:3)
  An ogre mage (D:15)
  4 dancing weapons (Elf:2)
  A tengu warrior (D:12)
  14 death yaks
  A salamander stormcaller (D:14)
  Urug (Lair:1)
  6 orc high priests (Orc:4)
  7 deep elf knights
  3 unseen horrors
  4 skeletal warriors (D:12)
  An ice devil (IceCv)
  9 deep elf summoners
  5 hill giants
  2 ice statues (IceCv)
  13 deep elf conjurers
  A necromancer (D:15)
  2 griffons
  2 manticores
  13 orc sorcerers
  4 orc knights
  11 ugly things
  2 cyclopes
  5 black mambas
  Maurice (D:8)
  A rust devil (Orc:4)
  5 centaur zombies
  A naga mage (D:15)
  2 sixfirhies (Orc:4)
  10 spiny frogs
  4 centaur skeletons
  2 efreet
  A demonic crawler (Elf:1)
  6 blue devils (IceCv)
  9 deep elf priests
  5 wandering mushrooms (Lair:3)
  4 fire drakes
  A tengu conjurer (D:12)
  7 komodo dragons
  2 kobold demonologists (D:15)
  8 trolls
  21 blink frogs
  3 polar bears
  2 two-headed ogres
  A giant leech (Swamp:2)
  A jumping spider (Elf:2)
  A trapdoor spider zombie (D:8)
  6 ravens
  4 bog bodies
  A vampire (D:15)
  7 slime creatures
  2 tarantellas
  5 wraiths
  A centaur simulacrum (D:15)
  A wyvern (D:10)
  4 redbacks (Elf:1)
  3 shadows
  8 spriggans
  17 deep elf fighters
  22 deep elf magi
  14 hippogriffs
  63 yaks
  2 basilisks (Lair:3)
  6 hungry ghosts
  A harpy simulacrum (D:15)
  A spectral spiny frog (Swamp:2)
  14 vampire mosquitoes
  26 wargs
  A wolf (Lair:8)
  5 insubstantial wisps
  15 swamp worms
  5 sky beasts
  2 soldier ants (D:12)
  12 water moccasins
  4 porcupines
  2 black bears
  8 wasps
  3 phantoms
  24 ogres
  4 swamp drakes
  12 ice beasts
  A boring beetle (Lair:5)
  A necrophage (D:15)
  45 orc warriors
  6 centaurs
  16 crocodiles
  4 big kobolds
  18 giant frogs
  2 gnoll sergeants
  A wyvern zombie (D:11)
  3 wyvern skeletons
  4 scorpions
  16 killer bees
  11 wights
  An electric eel (Lair:3)
  A quasit (D:11)
  5 crimson imps
  10 hounds
  9 jellies
  3 giant frog skeletons
  A human zombie (Ossuary)
  An iron imp (D:15)
  6 worker ants
  34 orc priests
  4 iguanas
  10 hell rats
  26 orc wizards
  11 sheep
  A big kobold zombie (Ossuary)
  A hound skeleton (D:8)
  3 mummies (Ossuary)
  12 gnolls
  62 river rats
  14 adders
  3 shadow imps
  7 white imps (IceCv)
  9 ufetubi (IceCv)
  9 oozes
  5 worms
  294 orcs
  5 ball pythons
  23 bats
  2 bat skeletons
  7 giant cockroaches
  35 goblins
  14 hobgoblins
  12 jackals
  26 kobolds
  7 quokkas
  7 giant geckos
  A giant gecko skeleton (D:7)
  A giant gecko zombie (D:5)
  4 giant newts
  3 giant spores
  3 goblin zombies (Ossuary)
  2 jackal zombies (Ossuary)
  A kobold zombie (Ossuary)
  2 quokka skeletons
  15 rats
  A rat zombie (Ossuary)
  A spectral jackal (Swamp:2)
  27 ballistomycetes
  A plant (Lair:7)
1413 creatures vanquished.

Vanquished Creatures (collateral kills)
  A rakshasa (D:14)
  6 hydras
  A catoblepas (Lair:5)
  A ghost crab (Swamp:2)
  12 death yaks
  2 orc knights (Orc:4)
  An ugly thing (D:15)
  2 black mambas (Lair:6)
  2 torpor snails (Lair:7)
  6 spiny frogs
  A fire drake (Lair:7)
  4 komodo dragons
  A giant leech (Swamp:1)
  A boulder beetle (Lair:5)
  4 blink frogs
  25 yaks
  A wyvern (Lair:7)
  A hog (Swamp:1)
  A spriggan (Swamp:2)
  2 basilisks
  A soldier ant (D:12)
  A water moccasin (Lair:6)
  3 wolves (Lair:8)
  2 porcupines
  4 orc warriors (Orc:4)
  5 crocodiles
  A giant frog (Lair:5)
  A big kobold (D:15)
  A killer bee (D:10)
  A crimson imp (D:12)
  An orc priest (Orc:4)
  2 iguanas
  A big kobold zombie (Ossuary)
  6 sheep
  A mummy (Ossuary)
  15 river rats
  8 orcs (Orc:4)
  A kobold (D:15)
  2 jackal zombies (Ossuary)
  A fungus (Lair:6)
  A plant (Lair:5)
134 creatures vanquished.

Vanquished Creatures (others)
  A merfolk impaler (Lair:8)
  A hydra (Lair:8)
  2 spriggans (Swamp:2)
  A spriggan druid (Swamp:2)
  3 slime creatures (Swamp:2)
  3 insubstantial wisps (Swamp:2)
  A water moccasin (Lair:8)
  A wasp (Swamp:2)
  A crocodile (Lair:8)
  30 ice beasts
  A spectral swamp drake (Swamp:2)
  An ufetubus (IceCv)
  A giant spore (D:7)
  8 fungi
  A plant (Lair:8)
56 creatures vanquished.

Grand Total: 1603 creatures vanquished

Notes
Turn   | Place    | Note
--------------------------------------------------------------
     0 | D:1      | inmateoo, the Demonspawn Ice Elementalist, began the quest for the Orb.
     0 | D:1      | Reached XP level 1. HP: 13/13 MP: 3/3
   395 | D:1      | Gained mutation: You are partially covered in sharp spines. [demonic ancestry]
   395 | D:1      | Reached XP level 2. HP: 17/19 MP: 0/5
   449 | D:1      | Reached skill level 3 in Ice Magic
   969 | D:2      | Gained mutation: You have a pair of small horns on your head. [demonic ancestry]
   969 | D:2      | Reached XP level 3. HP: 24/24 MP: 4/6
  1291 | D:2      | Found an ancient bone altar of Kikubaaqudgha.
  1441 | D:2      | Found a shattered altar of Ashenzari.
  1455 | D:2      | Became a worshipper of Ashenzari the Shackled
  1862 | D:1      | Learned a level 2 spell: Throw Frost
  1866 | D:1      | Learned a level 3 spell: Ozocubu's Armour
  2258 | D:3      | Gained mutation: You are partially covered in molten scales (AC +1). [demonic ancestry]
  2258 | D:3      | Reached XP level 4. HP: 30/30 MP: 5/7
  2983 | D:3      | Gained mutation: You are mostly covered in molten scales (AC +3, EV -1). [demonic ancestry]
  2983 | D:3      | Reached XP level 5. HP: 26/35 MP: 9/9
  3196 | D:3      | Found a shattered altar of Ashenzari.
  3207 | D:3      | Found a deep blue altar of Sif Muna.
  3267 | D:4      | Found a snail-covered altar of Cheibriados.
  3346 | D:4      | Found a glowing drain.
  3351 | Sewer    | Entered a sewer
  3362 | Sewer    | Reached skill level 4 in Ice Magic
  3922 | Sewer    | Reached XP level 6. HP: 36/42 MP: 10/10
  4292 | D:4      | Reached skill level 1 in Fighting
  4732 | D:5      | Entered Level 5 of the Dungeon
  4738 | D:5      | Learned a level 4 spell: Throw Icicle
  4861 | D:5      | Noticed ImmaFairy's ghost (experienced FoFi)
  5121 | D:5      | Reached skill level 1 in Polearms
  5123 | D:5      | Found a glowing silver altar of Zin.
  5123 | D:5      | Noticed an angel
  5316 | D:5      | Gained mutation: You are mostly covered in sharp spines. [demonic ancestry]
  5316 | D:5      | Reached XP level 7. HP: 48/48 MP: 12/12
  6078 | D:6      | Reached skill level 5 in Ice Magic
  6468 | D:6      | Reached XP level 8. HP: 42/57 MP: 7/13
  6573 | D:6      | Found a staircase to the Ecumenical Temple.
  6930 | D:6      | Noticed hornqvist's ghost (experienced FoFi)
  7255 | D:6      | Found a burning altar of Makhleb.
  7498 | D:7      | Acquired Ashenzari's first power
  7589 | D:7      | Reached skill level 6 in Ice Magic
  7740 | D:7      | Gained mutation: You are completely covered in sharp spines. [demonic ancestry]
  7740 | D:7      | Reached XP level 9. HP: 57/64 MP: 15/15
  8032 | D:7      | Reached skill level 5 in Polearms
  8182 | D:7      | Reached skill level 5 in Stealth
  8624 | D:7      | Reached skill level 5 in Dodging
  8624 | D:7      | Reached skill level 7 in Ice Magic
  8815 | D:7      | Reached skill level 5 in Spellcasting
  8815 | D:7      | Reached XP level 10. HP: 29/72 MP: 11/17
  9163 | D:7      | Noticed an orc knight
  9173 | D:7      | Killed an orc knight
  9329 | D:7      | Noticed an orc warlord
  9405 | D:7      | Learned a level 4 spell: Summon Ice Beast
  9830 | D:6      | Killed an orc warlord
  9830 | D:6      | Reached skill level 8 in Ice Magic
 10307 | D:8      | Found a sand-covered staircase.
 10311 | Ossuary  | Entered an ossuary
 10409 | Ossuary  | Reached skill level 5 in Fighting
 10545 | D:8      | Found a basalt altar of Yredelemnul.
 10560 | D:8      | Noticed Maurice
 10564 | D:8      | Killed Maurice
 11502 | D:9      | Gained mutation: Your spells are a little harder to cast, but a little more powerful. [mutagenic meat]
 11503 | D:9      | Gained mutation: You are somewhat resistant to further mutation. [mutagenic meat]
 11878 | D:9      | Gained mutation: You have a pair of horns on your head. [demonic ancestry]
 11878 | D:9      | Reached XP level 11. HP: 62/80 MP: 8/19
 12256 | D:9      | Reached skill level 1 in Armour
 12611 | D:10     | Entered Level 10 of the Dungeon
 12619 | D:10     | Found a staircase to the Lair.
 12664 | D:10     | Found a glowing golden altar of the Shining One.
 12981 | D:10     | Identified a +0 rod of clouds (9/9)
 13046 | D:10     | Found a staircase to the Orcish Mines.
 13125 | D:10     | Acquired Ashenzari's second power
 13220 | D:10     | Reached skill level 9 in Ice Magic
 13351 | D:11     | Identified the +0 ring mail of Dishonour {MR+ MP-9 Dex+2}
 13354 | D:11     | Found a glowing silver altar of Zin.
 13630 | D:11     | Gained mutation: You are weak. (Str -2) [mutagenic meat]
 13695 | D:11     | Reached skill level 1 in Summonings
 13700 | D:11     | Reached skill level 1 in Shields
 13881 | D:11     | Gained mutation: You are robust (+10% HP). [mutagenic meat]
 13930 | D:11     | Acquired Ashenzari's third power
 14449 | D:12     | Noticed an unseen horror
 14453 | D:12     | Noticed a five-headed hydra
 14467 | D:12     | Killed an unseen horror
 14473 | D:12     | Killed a five-headed hydra
 14900 | D:12     | Noticed Snorg
 14912 | D:12     | Killed Snorg
 14912 | D:12     | Reached XP level 12. HP: 97/97 MP: 15/22
 14949 | D:12     | Noticed a tengu warrior
 14964 | D:12     | Noticed a skeletal warrior
 14965 | D:12     | Killed a tengu warrior
 14971 | D:12     | Noticed a skeletal warrior
 14976 | D:12     | Noticed a skeletal warrior
 14980 | D:12     | Killed a skeletal warrior
 15386 | D:12     | Noticed a skeletal warrior
 15416 | D:12     | Killed a skeletal warrior
 15814 | D:12     | Killed a skeletal warrior
 16334 | D:12     | Killed a skeletal warrior
 16651 | D:13     | Reached skill level 10 in Polearms
 17102 | D:13     | Noticed an ice dragon
 17432 | Lair:1   | Entered Level 1 of the Lair of Beasts
 17489 | Lair:1   | Noticed Urug
 17507 | Lair:1   | Killed Urug
 17584 | Lair:1   | Reached XP level 13. HP: 69/107 MP: 15/24
 17703 | Lair:1   | Acquired Ashenzari's fourth power
 18488 | Lair:2   | Reached skill level 5 in Armour
 19049 | Lair:3   | Found a staircase to the Swamp.
 19639 | Lair:3   | Reached skill level 10 in Ice Magic
 20113 | Lair:3   | Hired Guenliek the merfolk for 323 gold.
 20387 | Lair:4   | Noticed Maud
 20407 | Lair:4   | Killed Maud
 21282 | Lair:5   | HP: 3/111 [boulder beetle (37)]
 21746 | Lair:5   | Gained mutation: You are immune to rotting. [demonic ancestry]
 21746 | Lair:5   | Reached XP level 14. HP: 91/119 MP: 27/27
 22634 | Lair:6   | Found a hole to the Spider Nest.
 22684 | Lair:6   | Reached skill level 10 in Fighting
 23528 | Lair:7   | Reached skill level 11 in Ice Magic
 24143 | Lair:7   | Reached skill level 10 in Spellcasting
 24249 | Lair:8   | Entered Level 8 of the Lair of Beasts
 24260 | Lair:8   | Found a labyrinth entrance.
 24323 | Lab      | Entered a labyrinth
 24920 | Lab      | Identified Gahol's Almanac of Creative Transmigration
 24925 | Lab      | Identified the cursed -3 pair of gloves "Polul" {rF+++ rN+ rCorr Int-2} (You found it in a labyrinth)
 25341 | Lair:8   | Your ally Guenliek died
 26246 | Lair:8   | Found a staircase to the Slime Pits.
 26499 | Lair:8   | Reached XP level 15. HP: 129/129 MP: 29/29
 27371 | Lair:8   | Identified the cursed -6 pair of boots of Proximity {-Cast rN++ Regen+ MP+9}
 27959 | D:10     | Noticed an unseen horror
 27964 | D:10     | Killed an unseen horror
 27979 | Orc:1    | Entered Level 1 of the Orcish Mines
 28101 | Orc:1    | Found a frozen archway.
 28242 | IceCv    | Entered an ice cave
 30125 | Orc:2    | Found a deep blue altar of Sif Muna.
 30262 | Orc:2    | Identified Sif Muna's Disquisition on Attacks
 30311 | Orc:4    | Entered Level 4 of the Orcish Mines
 30564 | Orc:4    | Noticed Josephine
 30575 | Orc:4    | Killed Josephine
 30611 | Orc:4    | Found a roughly hewn altar of Beogh.
 30902 | Orc:4    | Found Cocosah's Gadget Boutique.
 30997 | Orc:4    | Found Sieloew's Gadget Shop.
 31648 | Orc:4    | Found a staircase to the Elven Halls.
 31713 | Orc:4    | Identified the cursed +0 short sword "Beetle's Death Toll" {elec, rPois MP+9 Dex-4 SInv}
 32205 | Orc:4    | Reached skill level 12 in Ice Magic
 32454 | Orc:4    | Found a roughly hewn altar of Beogh.
 32534 | Orc:4    | Found Kerch's General Store.
 32719 | Orc:4    | Found Tenumn's Magic Scroll Boutique.
 32863 | Orc:4    | Reached skill level 10 in Armour
 33300 | Elf:1    | Entered Level 1 of the Elven Halls
 33408 | Elf:1    | Identified the +6 flail of Distant Shores {flame, Str+4}
 33408 | Elf:1    | Found a flickering gateway to a bazaar.
 33416 | Bazaar   | Entered a bazaar
 33418 | Bazaar   | Found Neurifie's Assorted Antiques.
 33421 | Bazaar   | Found Ubbusk's Book Boutique.
 33422 | Bazaar   | Bought a white potion for 17 gold pieces
 33423 | Bazaar   | Bought a potion of agility for 76 gold pieces
 33423 | Bazaar   | Bought a scroll of identify for 38 gold pieces
 33423 | Bazaar   | Bought 2 scrolls of identify for 76 gold pieces
 33423 | Bazaar   | Found Isabetsu's Jewellery Boutique.
 33423 | Bazaar   | Found Pimpaic's Food Boutique.
 33456 | Bazaar   | Bought an uncursed amulet of regeneration for 420 gold pieces
 33456 | Bazaar   | Bought the ring "Weato" {rElec rF+ Str+7 Dex+3} for 840 gold pieces
 33469 | Bazaar   | Bought a book of Spatial Translocations for 520 gold pieces
 33568 | Elf:1    | Learned a level 2 spell: Blink
 33573 | Elf:1    | Learned a level 4 spell: Passage of Golubria
 33576 | Elf:1    | Learned a level 2 spell: Shroud of Golubria
 34334 | Elf:1    | Reached XP level 16. HP: 118/139 MP: 31/31
 34368 | Elf:1    | Identified the Compendium of Conjuration
 34773 | Elf:2    | Found Wyneneq's Antique Armour Shop.
 34844 | Elf:2    | Identified the ring "Bucaol Lifi" {rF+ Str+3 Dex+2 SInv} (You took it off a deep elf priest on level 2 of the Elven Halls)
 35125 | Elf:2    | Reached skill level 1 in Translocations
 35138 | Elf:2    | Found a runed door.
 35161 | Elf:2    | Found a runed door.
 35343 | Elf:3    | Entered Level 3 of the Elven Halls
 35514 | Elf:3    | Identified a scroll of acquirement
 35537 | Elf:3    | Found Gulel's Antique Armour Boutique.
 35954 | Elf:3    | Learned a level 3 spell: Regeneration
 36010 | Elf:3    | Found a shimmering altar of Xom.
 36692 | D:13     | Found Buthip's Food Boutique.
 36773 | D:13     | Found a gate to the Vaults.
 36974 | D:14     | Reached skill level 1 in Necromancy
 37082 | D:14     | Reached skill level 5 in Translocations
 37144 | D:14     | Found an iron altar of Okawaru.
 37146 | D:14     | Identified the +4 mace "Beetlebane" {elec, rC- rN+++ MP+9 Stlth+}
 38431 | D:15     | Entered Level 15 of the Dungeon
 38504 | D:15     | Gained mutation: You are very weak. (Str -4) [mutagenic meat]
 38607 | D:15     | Gained mutation: Your body sometimes deteriorates upon taking damage. [mutagenic meat]
 38611 | D:15     | Lost mutation: You are very weak. (Str -4) [mutagenic meat]
 39243 | D:15     | Found a staircase to the Depths.
 39599 | Swamp:1  | Entered Level 1 of the Swamp
 39607 | Swamp:1  | Reached skill level 1 in Evocations
 39624 | Swamp:1  | Learned a level 6 spell: Dispersal
 39698 | Swamp:1  | Identified the +1 robe "Fuqaxog" {MR+ MP+9}
 39775 | Swamp:1  | Identified the +8 plate armour of Shadows and Fog {Regen+ MP+9}
 39921 | Swamp:1  | Reached XP level 17. HP: 142/147 MP: 33/33
 40071 | Swamp:1  | Noticed Kirke
 40089 | Swamp:1  | Killed Kirke
 41496 | Swamp:3  | Reached skill level 13 in Spellcasting
 41496 | Swamp:3  | Reached skill level 5 in Necromancy
 41550 | Swamp:3  | Slain by a spriggan rider

Action                   |  1- 3 |  4- 6 |  7- 9 | 10-12 | 13-15 | 16-18 || total
-------------------------+-------+-------+-------+-------+-------+-------++-------
Melee: Unarmed           |    35 |     4 |       |       |       |       ||    39
       Flail             |       |    11 |       |       |       |       ||    11
       Trident           |       |   116 |   246 |   780 |  1914 |   913 ||  3969
 Cast: Freeze            |    46 |    13 |    11 |     8 |       |       ||    78
       Throw Frost       |       |     8 |     2 |       |       |       ||    10
       Ozocubu's Armour  |       |       |    16 |    15 |    29 |    18 ||    78
       Summon Ice Beast  |       |       |       |    30 |    40 |    11 ||    81
       Throw Icicle      |       |       |       |     6 |     2 |     3 ||    11
       Passage of Golubr |       |       |       |       |       |     1 ||     1
       Regeneration      |       |       |       |       |       |     1 ||     1
       Dispersal         |       |       |       |       |       |     1 ||     1
Evoke: Wand              |       |       |     1 |    13 |     3 |       ||    17
       Deck              |       |       |       |       |    10 |     2 ||    12
  Use: Scroll            |       |    18 |     2 |    18 |    26 |     8 ||    72
       Potion            |       |     1 |       |     3 |     1 |       ||     5
 Stab: Sleeping          |     2 |     8 |     9 |    26 |    89 |    23 ||   157
       Distracted        |       |       |     3 |     6 |    20 |     3 ||    32
  Eat: Bread ration      |     1 |       |       |       |       |     1 ||     2
       Chunk             |       |    10 |    12 |    44 |    50 |    19 ||   135
       Pizza             |       |       |     1 |     1 |       |     1 ||     3
       Beef jerky        |       |       |       |     3 |     1 |     1 ||     5
       Fruit             |       |       |       |     2 |     9 |     3 ||    14
       Royal jelly       |       |       |       |       |     1 |     2 ||     3
       Meat ration       |       |       |       |       |     1 |     1 ||     2
